 Dungeon Crawl Stone Soup version 0.28.0 (webtiles) character file.

Game seed: 9539126700777799192

18 blackman the Chopper (level 2, 26/26 HPs)
             Began as a Minotaur Fighter on Feb 5, 2022.
             Was a Follower of Dithmenos.
             Quit the game on level 1 of the Dungeon.
             The game lasted 00:00:42 (667 turns).

blackman the Chopper (Minotaur Fighter)              Turns: 667, Time: 00:00:42

Health: 26/26      AC:  6    Str: 20    XL:     2   Next: 51%
Magic:  1/1        EV:  9    Int:  5    God:    Dithmenos [*.....]
Gold:   28         SH:  4    Dex:  9    Spells: 1/1 levels left

rFire   + . .      SeeInvis .   a - +0 war axe
rCold   . . .      Faith    .   c - +0 buckler
rNeg    . . .      Spirit   .   b - +0 scale mail
rPois   .          Reflect  .   (helmet restricted)
rElec   .          Harm     .   (no cloak)
rCorr   .          Rampage  .   (no gloves)
Will    .....                   (no boots)
Stlth   ..........              (no amulet)
HPRegen 0.08/turn               i - ring of protection from fire
MPRegen 0.07/turn               (no ring)

@: wreathed by umbra
A: horns 2, retaliatory headbutt
a: Renounce Religion


You were on level 1 of the Dungeon.
You worshipped Dithmenos.
Dithmenos was aware of your devotion.
You visited 1 branch of the dungeon, and saw 1 of its levels.

You collected 28 gold pieces.

Inventory:

Hand Weapons
 a - a +0 war axe (weapon)
Armour
 b - a +0 scale mail (worn)
 c - a +0 buckler (worn)
Jewellery
 i - a ring of protection from fire (left hand)
Scrolls
 e - a scroll of torment {unknown}
Potions
 d - a potion of might
 f - a potion of magic {unknown}
 g - 2 potions of flight {unknown}
 h - a potion of berserk rage {unknown}


   Skills:
 - Level 3.6 Fighting
 + Level 3.9 Axes
 - Level 3.6 Armour
 - Level 3.6 Shields


You had one spell level left.
You didn't know any spells.
Your spell library was empty.

Dungeon Overview and Level Annotations

Branches:
Dungeon (1/15)

Altars:
Dithmenos


Innate Abilities, Weirdness & Mutations

You have a pair of horns on your head.
You reflexively headbutt those who attack you in melee.


Message History

Found a chain mail.
There is a faded altar of an unknown god here.
You open the door.
There is an open door here.
You open the door. 2 rats come into view.
Found 5 gold pieces.
There are monsters nearby!
You barely miss the rat. You headbutt the rat.
You kill the rat!
A rat comes into view.
There is an open door here.
The rat closely misses you.
You slash the rat!
You kill the rat! 2 rats come into view.
Found a leather armour.
You block the rat's attack.
You see here a rat corpse.
You closely miss the rat. The rat barely misses you.
You hit the rat.
You kill the rat!
You block the rat's attack.
You see here a rat corpse.
You closely miss the rat. You headbutt the rat, but do no damage.
The rat barely misses you. You block the rat's attack.
You closely miss the rat. You headbutt the rat.
You kill the rat!
You closely miss the rat. The rat barely misses you.
You slash the rat!
You kill the rat!
No target in view!
No target in view!
There is an open door here.
There is an open door here.
There is a faded altar of an unknown god here.
You cannot tell which god this altar belongs to.
Convert to them anyway?
Dithmenos accepts your prayer! Dithmenos welcomes you!
You are shrouded in an aura of darkness!
Are you sure you want to abandon this character and quit the game? (Confirm with "yes".)

.#
#[#....##...#..####.
.#
#.#.#.#...###..####.
.#
#.#....###)......†..
.#
#.#.###.###.#.#####.
... #..## ##.###..#
## ... #..### #.#
#..# # ...
#.⌠..###.###).######
..#
#....##.###.#.#.....
###
#..@...###....#.####
###.......###.#.#
##.##.##.## #.#.####
##.#.#....# #.......
##.###...###
#.#.#### ### #.##
##..# #.#.#### ..###
##.###.#.# #.#.....
.#..### ##.#.##.#
##.###### ...#..###
##.###.#####...#####


There were no monsters in sight!

Vanquished Creatures
  3 bats (D:1)
  An endoplasm (D:1)
  2 giant cockroaches (D:1)
  A goblin (D:1)
  A hobgoblin (D:1)
  A quokka (D:1)
  A frilled lizard (D:1)
  2 kobolds (D:1)
  6 rats (D:1)
18 creatures vanquished.

Notes
Turn   | Place    | Note
-------+----------+-------------------------------------------
     0 | D:1      | blackman the Minotaur Fighter began the quest for the Orb.
     0 | D:1      | Reached XP level 1. HP: 19/19 MP: 0/0
   136 | D:1      | Reached XP level 2. HP: 26/26 MP: 1/1
   574 | D:1      | Found a faded altar of an unknown god.
   666 | D:1      | Prayed at the altar of an unknown god.
   666 | D:1      | Became a worshipper of Dithmenos the Shadowed
   666 | D:1      | Reached * piety under Dithmenos
   667 | D:1      | Quit the game

Illustrated notes

Levels and vault maps discovered:
D:1:      dpeg_arrival_ratfight, layout_loops_ring,
          ebering_ecumenical_altar_abandoned, hex_medium

Skill      XL: |  1 |
---------------+----+-----
Axes           | 3 |  3.9
Fighting       | |  3.6
Armour         | |  3.6
Shields        | |  3.6

Action                   || total
-------------------------++-------
Melee: War axe           ||    30
       Headbutt          ||     7
Armor: Scale mail        ||    11
Dodge: Dodged            ||    15
Block: Buckler           ||     9
